TOP OF THE 1ST |
---|
Bismarck Barons batting - Pitching for Balzac Rams : LHP Martin Balsano | Pitching: LHP Martin Balsano | | Batting: RHB Rubén Palma | 0-0: Called Strike 0-1: Foul Ball, location: 2F 0-2: Strikes out swinging | Batting: LHB Jorge Fernández | 0-0: Ball 1-0: Called Strike 1-1: Ball 2-1: SINGLE (Flyball, 9S) | Batting: RHB Jesús Ramos | 0-0: Ball 1-0: Called Strike 1-1: Ball 2-1: Fly out, F8 (Flyball, 8LD) | Batting: RHB Fernando Castellanos | 0-0: Ground out 4-3 (Groundball, 34) | Top of the 1st over - 0 runs, 1 hit, 0 errors, 1 left on base; Bismarck 0 - Balzac 0 | BOTTOM OF THE 1ST |
---|
Balzac Rams batting - Pitching for Bismarck Barons : RHP Domingo León | Pitching: RHP Domingo León | | Batting: LHB Ryan Rheaume | 0-0: Ball 1-0: Ball 2-0: Swinging Strike 2-1: SINGLE (Groundball, 56S) (infield hit) | Batting: LHB Troy Jackson | 0-0: Ball Wild Pitch! Ryan Rheaume to second 1-0: Ball 2-0: Ball 3-0: Base on Balls | Batting: RHB Santiago Rivera | 0-0: Ball 1-0: Foul Ball, location: 2F 1-1: Foul Ball, location: 2F 1-2: Ball 2-2: Ground out 6-3 (Groundball, 6M) Ryan Rheaume to third Troy Jackson to second | Batting: RHB Gunner Allen | 0-0: Ball 1-0: Swinging Strike 1-1: Fly out, F8 (Flyball, 89D) Runner from 3rd tags up, SCORES, no throw Troy Jackson to third | Batting: RHB Jim Martin | 0-0: Called Strike 0-1: Called Strike 0-2: Ball 1-2: Strikes out looking | Bottom of the 1st over - 1 run, 1 hit, 0 errors, 1 left on base; Bismarck 0 - Balzac 1 | TOP OF THE 2ND |
---|
Bismarck Barons batting - Pitching for Balzac Rams : LHP Martin Balsano | Batting: RHB Eugenio Maldonado | 0-0: Called Strike 0-1: Ball 1-1: Called Strike 1-2: Ball 2-2: Ball 3-2: Base on Balls | Batting: LHB Orlando Hernández | 0-0: Foul Ball, location: 2F 0-1: Called Strike 0-2: Ball 1-2: SINGLE (Line Drive, 6) Eugenio Maldonado to second | Batting: RHB Xie-li Fong | 0-0: Called Strike 0-1: Reached on error, E3 (Groundball, 34) Eugenio Maldonado to third Orlando Hernández to second | Batting: SHB José Gonzáles | 0-0: Foul Ball, location: 2F 0-1: Foul Ball, location: 2F 0-2: Foul Ball, location: 2F 0-2: Foul Ball, location: 2F 0-2: Grounds into double play, 5-4-3 (Groundball, 5) Eugenio Maldonado scores Orlando Hernández to third | Batting: RHB Pedro García | 0-0: Called Strike 0-1: Ball 1-1: Foul Ball, location: 2F 1-2: Strikes out swinging | Top of the 2nd over - 1 run, 1 hit, 1 error, 1 left on base; Bismarck 1 - Balzac 1 | BOTTOM OF THE 2ND |
---|
Balzac Rams batting - Pitching for Bismarck Barons : RHP Domingo León | Batting: SHB Emílio Calvillo | 0-0: Called Strike 0-1: Called Strike 0-2: TRIPLE (Flyball, 7LD) | Batting: RHB Lorenzo Silva | 0-0: Called Strike 0-1: Ball 1-1: Ball 2-1: Ball 3-1: Swinging Strike 3-2: Base on Balls | Batting: RHB Jason Ward | 0-0: Swinging Strike 0-1: Ball 1-1: Fielders Choice at 2nd, 3-6 (Groundball, 3) Emílio Calvillo scores | Batting: SHB Terry Christian | 0-0: Ball 1-0: Foul Ball, location: 2F 1-1: Swinging Strike 1-2: Ball 2-2: Strikes out swinging | Batting: LHB Ryan Rheaume | 0-0: Called Strike Jason Ward steals 2nd base 0-1: Ball 1-1: Ground out 3-1 (Groundball, 34) | Bottom of the 2nd over - 1 run, 1 hit, 0 errors, 1 left on base; Bismarck 1 - Balzac 2 | TOP OF THE 3RD |
---|
Bismarck Barons batting - Pitching for Balzac Rams : LHP Martin Balsano | Batting: RHB Rubén Palma | 0-0: Ball 1-0: Called Strike 1-1: Ball 2-1: Called Strike 2-2: Ball 3-2: Fly out, F9 (Line Drive, 9D) | Batting: LHB Jorge Fernández | 0-0: Ball 1-0: Reached on error, E8 (Flyball, 8RM) | Batting: RHB Jesús Ramos | 0-0: Ground out 5-3 (Groundball, 5S) Jorge Fernández to second | Batting: RHB Fernando Castellanos | 0-0: Foul Ball, location: 2F 0-1: Ball 1-1: Ball 2-1: Swinging Strike 2-2: Foul Ball, location: 2F 2-2: Ball 3-2: Strikes out swinging | Top of the 3rd over - 0 runs, 0 hits, 1 error, 1 left on base; Bismarck 1 - Balzac 2 | BOTTOM OF THE 3RD |
---|
Balzac Rams batting - Pitching for Bismarck Barons : RHP Domingo León | Batting: LHB Troy Jackson | 0-0: Called Strike 0-1: Ground out 6-3 (Groundball, 6D) | Batting: RHB Santiago Rivera | 0-0: Called Strike 0-1: SINGLE (Groundball, 56D) | Batting: RHB Gunner Allen | 0-0: Swinging Strike 0-1: Fly out, F8 (Flyball, 8RD) | Batting: RHB Jim Martin | 0-0: Called Strike 0-1: Swinging Strike 0-2: Ball 1-2: Fielders Choice at 2nd, 6-4 (Groundball, 6) | Bottom of the 3rd over - 0 runs, 1 hit, 0 errors, 1 left on base; Bismarck 1 - Balzac 2 | TOP OF THE 4TH |
---|
Bismarck Barons batting - Pitching for Balzac Rams : LHP Martin Balsano | Batting: RHB Eugenio Maldonado | 0-0: Ball 1-0: Ball 2-0: Ball 3-0: Called Strike 3-1: Foul Ball, location: 2F 3-2: Ground out 5-3 (Groundball, 56) | Batting: LHB Orlando Hernández | 0-0: Called Strike 0-1: Ground out 4-3 (Groundball, 4) | Batting: RHB Xie-li Fong | 0-0: Called Strike 0-1: Ball 1-1: Ball 2-1: Foul Ball, location: 2F 2-2: Strikes out swinging | Top of the 4th over - 0 runs, 0 hits, 0 errors, 0 left on base; Bismarck 1 - Balzac 2 | BOTTOM OF THE 4TH |
---|
Balzac Rams batting - Pitching for Bismarck Barons : RHP Domingo León | Batting: SHB Emílio Calvillo | 0-0: Ball 1-0: Foul Ball, location: 2F 1-1: Ball 2-1: Foul Ball, location: 2F 2-2: Ball 3-2: DOUBLE (Line Drive, 78D) | Batting: RHB Lorenzo Silva | 0-0: Ball 1-0: Foul Ball, location: 2F 1-1: Ball 2-1: Ball 3-1: TRIPLE (Line Drive, 9D) Emílio Calvillo scores | Batting: RHB Jason Ward | 0-0: SINGLE (Groundball, 6D) Lorenzo Silva scores | Batting: SHB Terry Christian | 0-0: Called Strike 0-1: Called Strike Jason Ward steals 2nd base 0-2: Ground out 5-3 (Groundball, 5S) Jason Ward to third | Batting: LHB Ryan Rheaume | 0-0: Called Strike 0-1: Foul Ball, location: 2F 0-2: Foul Ball, location: 2F 0-2: Ball 1-2: SINGLE (Groundball, 56D) Jason Ward scores | Pitching: RHP Alfredo Escamilla | | Batting: LHB Troy Jackson | 0-0: Ball Ryan Rheaume steals 2nd base 1-0: Ball Ryan Rheaume steals 3rd base 2-0: Called Strike 2-1: SINGLE (Groundball, 4MD) Ryan Rheaume scores | Batting: RHB Santiago Rivera | 0-0: Fielders Choice at 2nd, 6-4 (Groundball, 56) | Batting: RHB Gunner Allen | 0-0: Called Strike 0-1: Ball 1-1: Ground out 5-3 (Groundball, 56S) | Bottom of the 4th over - 4 runs, 5 hits, 0 errors, 1 left on base; Bismarck 1 - Balzac 6 | TOP OF THE 5TH |
---|
Bismarck Barons batting - Pitching for Balzac Rams : LHP Martin Balsano | Batting: SHB José Gonzáles | 0-0: Foul Ball, location: 2F 0-1: Ball 1-1: Foul Ball, location: 2F 1-2: Foul Ball, location: 2F 1-2: Ground out 5-3 (Groundball, 56) | Batting: RHB Pedro García | 0-0: Called Strike 0-1: Fly out, F9 (Flyball, 89S) | Batting: RHB Rubén Palma | 0-0: Ball 1-0: Ball 2-0: Called Strike 2-1: Ball 3-1: Swinging Strike 3-2: SINGLE (Groundball, 6MD) | Batting: LHB Jorge Fernández | 0-0: Ball 1-0: Called Strike 1-1: Ball 2-1: Fly out, F8 (Line Drive, 89M) | Top of the 5th over - 0 runs, 1 hit, 0 errors, 1 left on base; Bismarck 1 - Balzac 6 | BOTTOM OF THE 5TH |
---|
Balzac Rams batting - Pitching for Bismarck Barons : RHP Alfredo Escamilla | Batting: RHB Jim Martin | 0-0: Ball 1-0: Foul Ball, location: 2F 1-1: Ball 2-1: Fly out, F3 (Popup, 3D) | Batting: SHB Emílio Calvillo | 0-0: Ball 1-0: Called Strike 1-1: Fly out, F6 (Popup, 6) | Batting: RHB Lorenzo Silva | 0-0: Called Strike 0-1: Ball 1-1: Foul Ball, location: 2F 1-2: Hit by Pitch | Batting: RHB Jason Ward | 0-0: Ball 1-0: Foul Ball, location: 2F 1-1: Ball 2-1: Ball 3-1: Fly out, F9 (Flyball, 9) | Bottom of the 5th over - 0 runs, 0 hits, 0 errors, 1 left on base; Bismarck 1 - Balzac 6 | TOP OF THE 6TH |
---|
Bismarck Barons batting - Pitching for Balzac Rams : LHP Martin Balsano | Batting: RHB Jesús Ramos | 0-0: Called Strike 0-1: Foul Ball, location: 2F 0-2: Ground out 5-3 (Groundball, 56S) | Batting: RHB Fernando Castellanos | 0-0: Called Strike 0-1: Foul Ball, location: 2F 0-2: Ball 1-2: Ball 2-2: Ball 3-2: SINGLE (Groundball, 34D) | Batting: RHB Eugenio Maldonado | 0-0: Called Strike 0-1: Foul Ball, location: 2F 0-2: Strikes out swinging | Batting: LHB Orlando Hernández | 0-0: Ball 1-0: Foul Ball, location: 2F 1-1: Ball 2-1: Ball 3-1: Foul Ball, location: 2F 3-2: Foul Ball, location: 2F 3-2: Base on Balls Fernando Castellanos to second | Batting: RHB Xie-li Fong | 0-0: Fly out, F2 (Popup, 15S) | Top of the 6th over - 0 runs, 1 hit, 0 errors, 2 left on base; Bismarck 1 - Balzac 6 | BOTTOM OF THE 6TH |
---|
Balzac Rams batting - Pitching for Bismarck Barons : RHP Alfredo Escamilla | Batting: SHB Terry Christian | 0-0: Ball 1-0: Fly out, F8 (Flyball, 8LS) | Batting: LHB Ryan Rheaume | 0-0: Called Strike 0-1: Ball 1-1: Ball 2-1: Ball 3-1: Base on Balls | Batting: LHB Troy Jackson | 0-0: SINGLE (Groundball, 6MS) (infield hit) Ryan Rheaume to second | Batting: RHB Santiago Rivera | 0-0: Fly out, F9 (Flyball, 9LM) | Batting: RHB Gunner Allen | 0-0: Ball 1-0: Ball 2-0: DOUBLE (Line Drive, 78D) Ryan Rheaume scores Troy Jackson to third Runner from 3rd tries for Home, SAFE, no throw | Batting: RHB Jim Martin | 0-0: Foul Ball, location: 2F 0-1: Ball 1-1: Ground out 3-1 (Groundball, 34) | Bottom of the 6th over - 2 runs, 2 hits, 0 errors, 1 left on base; Bismarck 1 - Balzac 8 | TOP OF THE 7TH |
---|
Bismarck Barons batting - Pitching for Balzac Rams : LHP Martin Balsano | Batting: SHB José Gonzáles | 0-0: Called Strike 0-1: Foul Ball, location: 2F 0-2: Ball 1-2: Strikes out swinging | Batting: RHB Pedro García | 0-0: Swinging Strike 0-1: Foul Ball, location: 2F 0-2: Ball 1-2: Ball 2-2: Ball 3-2: Base on Balls | Batting: RHB Rubén Palma | 0-0: Fielders Choice at 2nd, 3-6 (Groundball, 34) | Batting: LHB Jorge Fernández | 0-0: Called Strike 0-1: Foul Ball, location: 2F 0-2: Foul Ball, location: 2F 0-2: Ball 1-2: Fly out, F7 (Flyball, 7S) | Top of the 7th over - 0 runs, 0 hits, 0 errors, 1 left on base; Bismarck 1 - Balzac 8 | BOTTOM OF THE 7TH |
---|
Balzac Rams batting - Pitching for Bismarck Barons : RHP Alfredo Escamilla | Batting: SHB Emílio Calvillo | 0-0: Ball 1-0: Called Strike 1-1: Ball 2-1: Fly out, F8 (Flyball, 8LM) | Batting: RHB Lorenzo Silva | 0-0: Fly out, F8 (Flyball, 8LD) | Batting: RHB Jason Ward | 0-0: Swinging Strike 0-1: Called Strike 0-2: Ball 1-2: Foul Ball, location: 2F 1-2: Ball 2-2: Ground out 6-3 (Groundball, 6) | Bottom of the 7th over - 0 runs, 0 hits, 0 errors, 0 left on base; Bismarck 1 - Balzac 8 | TOP OF THE 8TH |
---|
Bismarck Barons batting - Pitching for Balzac Rams : LHP Martin Balsano | Batting: RHB Jesús Ramos | 0-0: Fly out, F8 (Flyball, 8RM) | Batting: RHB Fernando Castellanos | 0-0: Ball 1-0: Ball 2-0: Called Strike 2-1: Ground out U3 (Groundball, 34) | Batting: RHB Eugenio Maldonado | 0-0: Called Strike 0-1: SOLO HOME RUN (Flyball, 7LD), Distance : 426 ft | Batting: LHB Orlando Hernández | 0-0: Called Strike 0-1: Ball 1-1: Foul Ball, location: 2F 1-2: Hit by Pitch | Pitching: RHP Aaron Williams | | Batting: RHB Xie-li Fong | 0-0: Ball 1-0: Ball 2-0: Ball 3-0: Called Strike 3-1: Base on Balls Orlando Hernández to second | Batting: SHB José Gonzáles | 0-0: Called Strike 0-1: Ball 1-1: Ball 2-1: SINGLE (Groundball, 34S) (infield hit) Orlando Hernández to third Xie-li Fong to second | Batting: RHB Pedro García | 0-0: Called Strike 0-1: Ball 1-1: Called Strike 1-2: Foul Ball, location: 2F 1-2: Strikes out swinging | Top of the 8th over - 1 run, 2 hits, 0 errors, 3 left on base; Bismarck 2 - Balzac 8 | BOTTOM OF THE 8TH |
---|
Balzac Rams batting - Pitching for Bismarck Barons : RHP Alfredo Escamilla | Batting: SHB Terry Christian | 0-0: Ball 1-0: Called Strike 1-1: Ground out 3-1 (Groundball, 34S) | Batting: LHB Ryan Rheaume | 0-0: Ball 1-0: Called Strike 1-1: Ground out 5-3 (Groundball, 56) | Batting: LHB Troy Jackson | 0-0: Ball 1-0: Called Strike 1-1: Fly out, F5 (Popup, 56S) | Bottom of the 8th over - 0 runs, 0 hits, 0 errors, 0 left on base; Bismarck 2 - Balzac 8 | TOP OF THE 9TH |
---|
Bismarck Barons batting - Pitching for Balzac Rams : RHP Aaron Williams | Now at 1B: Rodney Harrison | | Now in RF: Carlos Romero | | Batting: RHB Rubén Palma | 0-0: Called Strike 0-1: Swinging Strike 0-2: Strikes out swinging | Batting: LHB Jorge Fernández | 0-0: Fly out, F9 (Flyball, 9) | Batting: RHB Jesús Ramos | 0-0: Called Strike 0-1: Fly out, F4 (Popup, 34) | Top of the 9th over - 0 runs, 0 hits, 0 errors, 0 left on base; Bismarck 2 - Balzac 8 | |